 Dungeon Crawl Stone Soup version 0.19.5 (webtiles) character file.

92 Patchouli the Grave Robber (level 4, -1/22 HPs)
             Began as a Spriggan Necromancer on Mar 6, 2017.
             Killed by nerve-wracking pain
             ... invoked by an orc priest
              (11 damage)
             ... on level 4 of the Dungeon on Mar 8, 2017.
             The game lasted 00:19:26 (1889 turns).

Patchouli the Grave Robber (Spriggan Necromancer)   Turns: 1889, Time: 00:19:27

Health: -1/22      AC:  2    Str:  4    XL:     4   Next: 35%
Magic:  8/10       EV: 19    Int: 17    God:
Gold:   133        SH:  0    Dex: 16    Spells: 4 memorised, 1 level left

rFire  . . .     SeeInvis +     r - +1 dagger
rCold  . . .     Gourm    .     e - +0 robe
rNeg   . . .     Faith    .     (shield restricted)
rPois  .         Spirit   .     (helmet restricted)
rElec  .         Reflect  .     (no cloak)
rCorr  .         Harm     .     (gloves unavailable)
MR     .....                    (boots unavailable)
Stlth  +++.......               (no amulet)
                                (no ring)
                                (no ring)

@: about to teleport, very slightly contaminated, very quick
A: unfitting armour, see invisible, herbivore 3, speed 3, slow metabolism 2
a: no special abilities


You were on level 4 of the Dungeon.
You were not hungry.

You visited 1 branch of the dungeon, and saw 4 of its levels.

You collected 133 gold pieces.

Inventory:

Hand Weapons
 i - a +0 falchion
 r - a +1 dagger (weapon)
Armour
 a - a +0 robe
 e - a +0 robe (worn)
Scrolls
 f - a scroll of remove curse
 g - 2 scrolls of enchant weapon
 n - a scroll of identify
Potions
 h - a potion of might
 k - a potion of magic {unknown}
 l - 4 potions of curing
 p - 2 potions of flight
Books
 b - a book of Necromancy

   Spells                             Type                      Level
   a - Pain                           Necromancy                   1
   b - Animate Skeleton               Necromancy                   1
   c - Vampiric Draining              Necromancy                   3
   d - Regeneration                   Charms/Necromancy            3
   e - Animate Dead                   Necromancy                   4
   f - Control Undead                 Necromancy                   4
Comestibles
 c - 2 bread rations


   Skills:
 + Level 1.0 Fighting
 + Level 0.0 Short Blades
 + Level 3.8 Dodging
 - Level 4.0 Stealth
 * Level 3.4 Spellcasting
 * Level 4.2 Necromancy


You had one spell level left.
You knew the following spells:

 Your Spells              Type           Power        Failure   Level  Hunger
a - Pain                  Necr           ###.         2%          1    None
b - Animate Skeleton      Necr           N/A          2%          1    None
c - Regeneration          Chrm/Necr      ##........   24%         3    ###....
d - Vampiric Draining     Necr           ###.......   10%         3    ###....


Dungeon Overview and Level Annotations

Branches:
Dungeon (4/15)
 Temple: D:4-7

Altars:
Dithmenos


Innate Abilities, Weirdness & Mutations

You are very small and have problems with some larger weapons.
You are too small for most types of armour.
You have supernaturally acute eyesight. (SInv)
You are a herbivore.
You cover ground extremely quickly.
You need consume almost no food.


Message History

As you read the scroll labeled ZADEXA DUDEQU, it crumbles to dust.
It was a scroll of blinking.
Your surroundings suddenly seem different.
An orc comes into view. It is wielding a flail.
The orc shouts!
An orc priest comes into view. It is wielding a dagger.
The orc priest shouts!
Found 23 stones.
An orc and an orc wizard come into view.
As you read the scroll of teleportation, it crumbles to dust.
You feel strangely unstable.
The orc priest looks satisfied for a moment.
The orc wizard misses you. The orc completely misses you.
The orc closely misses you. The orc wizard hits you with a dagger.
The orc barely misses you.
You hear the slow hiss of a distant avalanche of sand.
The orc priest invokes the aid of Beogh against you.
Pain shoots through your body!
Ouch! That really hurt!
You die...

#+# #.#
#.######.
#........
#####@..(....
#...o.......#
#.o.........#
#.o......###.
#........#
#..o.....#
#........#
#........#
####...###


You could see an orc priest, an orc wizard and 2 orcs.

Vanquished Creatures
  4 adders (D:2)
  A leopard gecko (D:2)
  2 orcs (D:3)
  A ball python (D:1)
  2 giant cockroaches (D:2)
  4 goblins
  6 hobgoblins
  5 jackals (D:2)
  2 bats (D:2)
  3 frilled lizards
  3 kobolds
  8 rats
41 creatures vanquished.

Vanquished Creatures (collateral kills)
  A worm (D:2)
  A dart slug (D:1)
  A giant cockroach (D:2)
  A hobgoblin (D:2)
  2 jackals (D:2)
  A frilled lizard (D:1)
  2 goblins
  2 kobolds
  A rat (D:2)
12 creatures vanquished.

Grand Total: 53 creatures vanquished

Notes
Turn   | Place    | Note
-------+----------+-------------------------------------------
     0 | D:1      | Patchouli the Spriggan Necromancer began the quest for the Orb.
     0 | D:1      | Reached XP level 1. HP: 9/9 MP: 5/5
   179 | D:2      | Reached XP level 2. HP: 8/14 MP: 2/6
   184 | D:2      | Learned a level 1 spell: Animate Skeleton
   345 | D:2      | Found a shadowy altar of Dithmenos.
   893 | D:1      | Reached XP level 3. HP: 4/17 MP: 3/8
   928 | D:1      | Learned a level 3 spell: Regeneration
  1043 | D:2      | Learned a level 3 spell: Vampiric Draining
  1489 | D:2      | Reached XP level 4. HP: 17/21 MP: 2/10
  1605 | D:2      | Reached skill level 1 in Fighting
  1889 | D:4      | Killed from afar by an orc priest

Skill      XL: |  1  2  3  4 |
---------------+-------------+-----
Spellcasting   | 3 |  3.4
Necromancy     | 4 |  4.2
Fighting       | 1 |  1.0
Stealth        | 4 |  4.0
Dodging        | |  3.8

Action                   |  1- 3 |  4- 6 || total
-------------------------+-------+-------++-------
Melee: Dagger            |       |     1 ||     1
       Falchion          |       |     1 ||     1
 Cast: Pain              |    69 |    20 ||    89
       Animate Skeleton  |    18 |     4 ||    22
       Regeneration      |     1 |       ||     1
  Use: Potion            |     3 |       ||     3
       Scroll            |       |     9 ||     9
 Stab: Sleeping          |       |     1 ||     1
Armor: Robe              |     1 |     1 ||     2
Dodge: Dodged            |    22 |     6 ||    28
